 Dungeon Crawl Stone Soup version 0.18-a0-1070-gd466a24 (webtiles) character file.

216 vliron the Bolt Thrower (level 6, 0/34 HPs)
             Began as a Kobold Arcane Marksman on Jan 11, 2016.
             Slain by a gnoll
             ... wielding a +0 spear
              (6 damage)
             ... on level 3 of the Dungeon on Jan 13, 2016.
             The game lasted 00:44:45 (4718 turns).

vliron the Bolt Thrower (Kobold Arcane Marksman)    Turns: 4718, Time: 00:44:45

Health: 0/34       AC:  3    Str: 10    XL:     6   Next: 16%
Magic:  1/7        EV: 16    Int: 13    God:
Gold:   117        SH:  0    Dex: 15    Spells: 3 memorised, 1 level left

rFire  . . .     SeeInvis .     n - +0 hand crossbow
rCold  . . .     Gourm    .     h - +0 robe
rNeg   . . .     Faith    .     (shield restricted)
rPois  .         Spirit   .     j - +0 helmet
rElec  .         Dismiss  .     (no cloak)
rCorr  .         Reflect  .     (no gloves)
SustAt .         Harm     .     (no boots)
MR     .....                    (no amulet)
Stlth  +++.......               (no ring)
                                (no ring)

@: very slightly contaminated, not resistant to hostile enchantments, fairly
stealthy
A: carnivore 3
a: no special abilities


You were on level 3 of the Dungeon.
You were very full.

You visited 1 branch of the dungeon, and saw 4 of its levels.

You collected 117 gold pieces.

Inventory:

Hand Weapons
 a - a +1 mace of protection
 n - a +0 hand crossbow (weapon)
 r - a +0 club
Missiles
 b - 2 javelins
 d - 2 bolts (quivered)
 g - 18 sling bullets
 m - 18 poisoned arrows
 s - 13 poisoned needles
 u - 43 stones
 w - 15 arrows
Armour
 h - a +0 robe (worn)
 j - a +0 helmet (worn)
Scrolls
 e - 3 scrolls of remove curse
 k - 2 scrolls of noise
 t - a scroll of magic mapping
Potions
 i - a potion of degeneration {unknown}
 l - a potion of poison {unknown}
 p - a potion of heal wounds {unknown}
 q - a potion of flight {unknown}
 v - a potion of curing {unknown}
 x - a potion of cancellation {unknown}
Books
 c - a book of Debilitation

   Spells                             Type                      Level
   a - Corona                         Hexes                        1
   b - Slow                           Hexes                        2
   c - Gell's Gravitas                Hexes/Translocation          3
   d - Inner Flame                    Hexes/Fire                   3
   e - Cause Fear                     Hexes                        4
   f - Leda's Liquefaction            Hexes/Earth                  4
Comestibles
 f - 3 meat rations
 o - a royal jelly


   Skills:
 - Level 1.2 Fighting
 - Level 5.4 Crossbows
 - Level 3.6 Dodging
 + Level 4.0 Stealth
 - Level 1.0 Spellcasting
 - Level 3.0 Hexes
 + Level 0.2 Fire Magic


You had one spell level left.
You knew the following spells:

 Your Spells              Type           Power        Failure   Level  Hunger
a - Corona                Hex            #......      10%         1    ##.....
b - Slow                  Hex            #.......     14%         2    ###....
c - Inner Flame           Hex/Fire       #.......     52%         3    ####...


Dungeon Overview and Level Annotations

Branches:
Dungeon (4/15)
 Temple: D:4-7

Altars:
Ashenzari


Innate Abilities, Weirdness & Mutations

You are small and have problems with some larger weapons.
You are carnivorous and can eat meat at any time.


Message History

Aiming: Slow
Press: ? - help, Shift-Dir - straight line, f/p - gnoll
Aim: a gnoll, wielding a spear (heavily wounded, chance to defeat MR: 51%)
You miscast Slow.
You are very lightly contaminated with residual magic.
Nothing appears to happen.
The gnoll barely misses you.
You see here 7 sling bullets.
Things that are here:
a flail; a gnoll corpse You see here a bolt.
d - a bolt The gnoll closely misses you.
The gnoll closely misses you.
You see here a bolt.
A jackal comes into view.
You see here a bolt.
The gnoll closely misses you.
d - 2 bolts (gained 1)
The gnoll hits you from afar with a spear.
You die...

########### #.(...(...# #
#...g...)>### .
########.@#####.(..# .
#....h....# #..#.# .
#.#####...# #..#.# # ####.#
#...# #..#.# . #....#
#...#####.##.#### # #.##.#
#.#.......##....#
#.##.#####.#############รท##
#.##.......# #.##.#
####.########'## #.##.#


You could see a gnoll and a jackal (wandering).

Vanquished Creatures
  Terence (D:2)
  Natasha (D:3)
  7 adders
  2 gnolls
  3 oozes
  3 worms (D:3)
  A giant gecko (D:3)
  7 orcs
  3 giant cockroaches
  10 hobgoblins
  A jackal (D:2)
  A ball python (D:1)
  3 bats
  3 giant newts
  4 goblins
  8 kobolds
  5 rats
63 creatures vanquished.

Notes
Turn   | Place    | Note
--------------------------------------------------------------
     0 | D:1      | vliron the Kobold Arcane Marksman began the quest for the Orb.
     0 | D:1      | Reached XP level 1. HP: 12/12 MP: 2/2
   137 | D:1      | Reached XP level 2. HP: 16/16 MP: 3/3
   141 | D:1      | Learned a level 2 spell: Slow
   341 | D:1      | Reached XP level 3. HP: 20/20 MP: 4/4
   845 | D:2      | Reached skill level 4 in Crossbows
  1192 | D:2      | Reached XP level 4. HP: 20/25 MP: 5/5
  1450 | D:2      | Noticed Terence
  1475 | D:2      | Killed Terence
  1475 | D:2      | Reached skill level 5 in Crossbows
  1475 | D:2      | Reached XP level 5. HP: 8/29 MP: 6/6
  1488 | D:2      | Learned a level 3 spell: Inner Flame
  2408 | D:3      | Upgraded the game from 0.18-a0-1041-gbe91bf5 to 0.18-a0-1070-gd466a24
  2445 | D:3      | Reached skill level 1 in Stealth
  3761 | D:3      | Found a shattered altar of Ashenzari.
  3939 | D:3      | Noticed Natasha
  4356 | D:3      | Killed Natasha
  4356 | D:3      | Reached XP level 6. HP: 31/34 MP: 7/7
  4718 | D:3      | Slain by a gnoll

Vault maps used:
D:1:      dpeg_arrival_castle
D:2:      uniq_terence
D:3:      ashenzari_conservatory_becter, st_stairs_10, uniq_natasha
D:4:      gammafunk_temple_overflow_forgotten

Action                   |  1- 3 |  4- 6 || total
-------------------------+-------+-------++-------
Melee: Dagger            |    18 |   145 ||   163
       Mace              |       |    56 ||    56
 Fire: Hand crossbow     |    68 |    56 ||   124
Throw: Stone             |       |     3 ||     3
 Cast: Slow              |       |    22 ||    22
       Corona            |       |    13 ||    13
  Use: Scroll            |     4 |     2 ||     6
 Stab: Sleeping          |       |     3 ||     3
  Eat: Chunk             |     8 |    15 ||    23
